 Dungeon Crawl Stone Soup version 0.26.1-11-gd32895ea62 (webtiles) character file.

Game seed: 15293281811873995513

1115 Almogavar the Stinger (level 8, -12/48 HPs)
             Began as an Octopode Venom Mage on May 15, 2021.
             Was a Follower of Sif Muna.
             Mangled by an ogre
             ... wielding the cursed +1 dire flail of the Exiled Portals {vorpal, rC+ Will+ Int-4}
              (21 damage)
             ... on level 5 of the Dungeon.
             The game lasted 00:29:13 (7060 turns).

Almogavar the Stinger (Octopode Venom Mage)         Turns: 7060, Time: 00:29:13

Health: -12/48     AC:  2    Str:  7 (9)  XL:     8   Next: 34%
Magic:  24/24      EV: 13    Int: 15 (18) God:    Sif Muna [*.....]
Gold:   247        SH:  0    Dex: 10 (12) Spells: 13/16 levels left

rFire    . . .     SeeInvis .   n - +5 quarterstaff (chaos)
rCold    . . .     Faith    .   (shield currently unavailable)
rNeg     + + .     Spirit   .   l - +1 hat
rPois    .         Reflect  .   A - amulet of inaccuracy (curse)
rElec    .         Harm     .   c - ring of wizardry
rCorr    +         Rampage  .   p - ring of positive energy
Will     .....                  q - ring of positive energy
Stlth    ++........             r - ring of resist corrosion
HPRegen  0.16/turn              d - ring of magical power
MPRegen  0.19/turn              u - ring of wizardry
                                (no ring)
                                (no ring)

@: confused, flying, hasted, very quick
A: almost no armour, stealthy swim, amphibious, 8 rings, constrict 8, camouflage
1, gelatinous body 1
a: Renounce Religion, Channel Magic


You were on level 5 of the Dungeon.
You worshipped Sif Muna.
Sif Muna was aware of your devotion.
You visited 2 branches of the dungeon, and saw 6 of its levels.

You collected 247 gold pieces.

Inventory:

Hand Weapons
 n - a +5 quarterstaff of chaos (weapon)
 w - the +6 whip "Sarcophage" {vorpal, rElec rN+}
   (You found it on level 4 of the Dungeon)

   It inflicts extra damage upon your enemies.
   It insulates you from electricity.
   It protects you from negative energy.
Armour
 l - a +1 hat (worn)
 B - a +0 buckler
Jewellery
 c - a ring of wizardry (left tentacle)
 d - a ring of magical power (on tentacle)
 f - an uncursed amulet of guardian spirit
 j - an uncursed amulet of the acrobat
 p - a ring of positive energy (right tentacle)
 q - a ring of positive energy (on tentacle)
 r - a ring of resist corrosion (on tentacle)
 u - a ring of wizardry (on tentacle)
 A - a cursed amulet of inaccuracy (around mantle)
Wands
 C - a wand of flame (15)
Scrolls
 b - 2 scrolls of enchant weapon
 e - 2 scrolls of enchant armour
 h - 4 scrolls of teleportation
 t - a scroll of fog
 x - a scroll of fear
 y - a scroll of vulnerability {unknown}
 D - a scroll of remove curse {unknown}
Potions
 g - a potion of degeneration
 m - a potion of curing {unknown}
 o - a potion of mutation {unknown}
 s - a potion of brilliance {unknown}
 v - a potion of attraction {unknown}
 z - a potion of invisibility {unknown}


   Skills:
 + Level 1.3 Fighting
 + Level 2.5 Staves
 + Level 2.3 Dodging
 + Level 4.8 Stealth
 + Level 4.7 Spellcasting
 + Level 3.8 Transmutations
 + Level 2.4 Air Magic
 + Level 7.0 Poison Magic


You had 13 spell levels left.
You knew the following spells:

 Your Spells              Type           Power        Failure   Level
a - Sting                 Tmut/Pois      76%          1%          1
b - Poisonous Vapours     Pois/Air       34%          1%          2

Your spell library contained the following spells:

 Spells                   Type           Power        Failure   Level
 Olgreb's Toxic Radiance  Pois           24%          2%          4
 Ignite Poison            Fire/Tmut/Pois 14%          3%          3
 Mephitic Cloud           Conj/Pois/Air  12%          4%          3


Dungeon Overview and Level Annotations

Branches:
Dungeon (5/15)             Temple (1/1) D:4

Altars:
Cheibriados
Fedhas
Gozag
Hepliaklqana
Sif Muna
Wu Jian
Xom
Yredelemnul

Shops:
D:5 :

Annotations:
D:5 1 transporter


Innate Abilities, Weirdness & Mutations

You cannot wear most types of armour.
You are very stealthy in the water. (Stealth+)
You are amphibious.
You can wear up to eight rings at the same time.
You can use your tentacles to constrict eight enemies at once.
Your skin changes colour to match your surroundings (Stealth+).
Your rubbery body absorbs attacks. (AC +1, EV +1)


Message History

You are confused.
You feel invigorated.
You are too confused!
Unknown command.
Atomjack's ghost hits you.
You sock atomjack's ghost!
Atomjack's ghost convulses!
You destroy atomjack's ghost!
Sif Muna accepts your kill.
You feel your strength returning.
Your Poison Magic skill increases to level 7!
Unknown command.
You bump into the stone wall.
The ogre hits you with the cursed +1 dire flail of the Exiled Portals {vorpal, rC+ Will+ Int-4}!!
* * * LOW HITPOINT WARNING * * *
x2 You're too confused to cast spells.
Okay, then.
You hit the ogre.
The ogre is severely wounded.
The ogre hits you with the cursed +1 dire flail of the Exiled Portals {vorpal, rC+ Will+ Int-4}!!
You die...

.......................#
......)###'########....#
.....).+.........##....###
.......####.####.........########
.....[.+...............>.'.......
.......#####.###.........#######.
.................©.©.....# #.
########################## #.
######## ##...@.$(...©### #.
.......######.#.O#.#..#.#.# #.
............#?.##...##..#.#### #.
............#..##...##..#....# #.
............#.#..#.#..#.#..#####.
............#.....©.....##.......
...........###############..#####
...........# #......#.####..##
...........# #.#.####...##...####


You could see an ogre.

Vanquished Creatures
  Grinder (D:5)
  The ghost of atomjack the Conjurer, an amateur DECj of Hepliaklqana (D:5)
  2 ogres (D:4)
  A centaur (D:5)
  3 scorpions
  A jelly (D:4)
  An orc priest (D:5)
  Crazy Yiuf (D:2)
  A bullfrog skeleton (D:5)
  Terence (D:2)
  A worker ant (D:5)
  A hound zombie (D:5)
  A gnoll (D:3)
  3 adders
  3 shadow imps (D:5)
  A white imp (D:5)
  2 worms (D:2)
  5 dart slugs
  9 leopard geckos
  8 orcs (D:5)
  12 bats
  4 giant cockroaches
  14 goblins
  10 hobgoblins
  2 jackals (D:5)
  14 kobolds
  3 quokkas
  4 ball pythons
  6 frilled lizards
  A quokka skeleton (D:4)
  12 rats
129 creatures vanquished.

Vanquished Creatures (others)
  6 plants (D:3)
6 creatures vanquished.

Grand Total: 135 creatures vanquished

Notes
Turn   | Place    | Note
-------+----------+-------------------------------------------
     0 | D:1      | Almogavar the Octopode Venom Mage began the quest for the
                  | Orb.
     0 | D:1      | Reached XP level 1. HP: 11/11 MP: 3/3
   226 | D:1      | Reached skill level 4 in Poison Magic
   226 | D:1      | Reached XP level 2. HP: 17/17 MP: 3/5
   629 | D:1      | Learned a level 2 spell: Poisonous Vapours
   651 | D:1      | Reached XP level 3. HP: 17/21 MP: 0/6
  1812 | D:2      | Reached XP level 4. HP: 27/27 MP: 2/7
  2087 | D:2      | Reached skill level 1 in Air Magic
  2528 | D:2      | Noticed Terence
  2569 | D:2      | Killed Terence
  2570 | D:2      | Reached XP level 5. HP: 25/31 MP: 2/8
  2872 | D:2      | Found an opulent altar of Gozag.
  2953 | D:2      | Found a runed translucent door.
  2954 | D:2      | Noticed Crazy Yiuf
  2965 | D:2      | Killed Crazy Yiuf
  3686 | D:3      | Reached skill level 5 in Poison Magic
  4229 | D:3      | Found a blossoming altar of Fedhas.
  4378 | D:4      | Found a shimmering altar of Xom.
  4737 | D:4      | Reached XP level 6. HP: 29/36 MP: 11/11
  4892 | D:4      | Found a staircase to the Ecumenical Temple.
  4932 | Temple   | Entered the Ecumenical Temple
  4947 | Temple   | Became a worshipper of Sif Muna the Loreminder
  5042 | D:4      | Reached XP level 7. HP: 42/42 MP: 13/13
  5113 | D:4      | Got a pitted whip
  5363 | D:4      | Identified the +6 whip "Sarcophage" {vorpal, rElec rN+}
                  | (You found it on level 4 of the Dungeon)
  5413 | D:5      | Entered Level 5 of the Dungeon
  5459 | D:5      | Reached skill level 1 in Staves
  5751 | D:5      | Reached skill level 6 in Poison Magic
  5780 | D:5      | Found a transporter.
  5781 | D:5      | Noticed atomjack's ghost (amateur DECj)
  5785 | D:5      | Found a transporter.
  5819 | D:5      | Noticed Grinder
  5831 | D:5      | Killed Grinder
  5832 | D:5      | Reached skill level 1 in Fighting
  5879 | D:5      | Found a transporter.
  5899 | D:5      | Found a transporter.
  6101 | D:5      | Reached * piety under Sif Muna
  6265 | D:5      | Reached XP level 8. HP: 14/48 MP: 14/14
  6623 | D:5      | Found Zeowaev's Book Shoppe.
  6778 | D:5      | Found a hazy altar of Hepliaklqana.
  7032 | D:5      | Identified the cursed +1 dire flail of the Exiled Portals
                  | {vorpal, rC+ Will+ Int-4}
  7058 | D:5      | Killed atomjack's ghost
  7059 | D:5      | Reached skill level 7 in Poison Magic
  7060 | D:5      | Mangled by an ogre

Illustrated notes

Levels and vault maps discovered:
D:1:      minmay_arrival_solitary_statue, layout_basic,
          wad_floor_pattern_untrapped, minmay_unequal
D:2:      layout_rooms, grunt_gozag_breadcrumbs, uniq_crazy_yiuf_cottage,
          uniq_terence
D:3:      wad_lake_hut, layout_basic, fedhas_altar_2, minmay_diced_spiral
D:4:      layout_basic, lemuel_crystal_altar, minmay_temple_entry_antechambers,
          gup_sewer_entry_bubbles
D:5:      gammafunk_wand_slinger, layout_basic, nzn_hepliaklqana_mist_gate,
          serial_shops, shop, gammafunk_ghost_smash, minmay_tree_intersection,
          minmay_misc_feat_tiny, uniq_grinder
Temple:   jpeg_temple_clearing

Skill      XL: |  1  2  3  4  5  6  7  8 |
---------------+-------------------------+-----
Poison Magic   | 4 5 6 7 |  7.0
Stealth        | 3 4 |  4.8
Air Magic      | 1 2 |  2.4
Transmutations | 2 3 |  3.8
Spellcasting   | 3 4 |  4.7
Staves         | 2 |  2.5
Fighting       | 1 |  1.3
Dodging        | |  2.3

Action                   |  1- 3 |  4- 6 |  7- 9 || total
-------------------------+-------+-------+-------++-------
Melee: Dagger            |    12 |    10 |       ||    22
       Constrict         |     4 |     9 |     8 ||    21
       Tentacles         |     1 |     3 |     5 ||     9
       Quarterstaff      |       |    21 |    44 ||    65
 Cast: Sting             |    44 |    66 |    29 ||   139
       Poisonous Vapours |    13 |    35 |     9 ||    57
  Use: Scroll            |     1 |     4 |     2 ||     7
       Potion            |       |       |     4 ||     4
 Stab: Sleeping          |       |     2 |     6 ||     8
Armor: Skin              |     1 |     1 |       ||     2
Dodge: Dodged            |    23 |    23 |    26 ||    72
